 Dungeon Crawl Stone Soup version 0.27.1 (webtiles) character file.

Game seed: 11786162685791724292

341 Qrupt the Digger (level 6, 0/41 HPs)
             Began as a Formicid Earth Elementalist on Aug 29, 2021.
             Slain by a goblin (3 damage)
             ... led by Robin
             ... on level 4 of the Dungeon.
             The game lasted 00:07:57 (6060 turns).

Qrupt the Digger (Formicid Earth Elementalist)      Turns: 6060, Time: 00:07:58

Health: 0/41       AC:  2    Str: 13    XL:     6   Next: 87%
Magic:  21/21      EV: 12    Int: 16    God:
Gold:   142        SH:  0    Dex: 11    Spells: 3/13 levels left

rFire    . . .     SeeInvis +   g - +0 whip
rCold    . . .     Faith    .   (no shield)
rNeg     . . .     Spirit   .   b - +0 robe
rPois    .         Reflect  .   (helmet unavailable)
rElec    .         Harm     .   (no cloak)
rCorr    .         Rampage  .   (no gloves)
Will     .....                  (no boots)
Stlth    +.........             (no amulet)
HPRegen  0.13/turn              m - ring of magical power
MPRegen  0.17/turn              (no ring)

@: confused, lethally poisoned (0 -> -6), ambrosia-drunk
A: permanent stasis, dig shafts and tunnels, antennae 3, four strong arms
a: Dig, Shaft Self


You were on level 4 of the Dungeon.
You visited 1 branch of the dungeon, and saw 4 of its levels.

You collected 142 gold pieces.

Inventory:

Hand Weapons
 g - a +0 whip (weapon)
Missiles
 c - 14 stones
 h - 16 poisoned darts
 j - a throwing net
Armour
 b - a +0 robe (worn)
Jewellery
 m - a ring of magical power (left hand)
 q - an amulet of guardian spirit
Scrolls
 d - a scroll of magic mapping {unknown}
 e - a scroll of fog {unknown}
 f - 3 scrolls of identify {unknown}
 i - 2 scrolls of acquirement {unknown}
 l - a scroll of amnesia {unknown}
 n - a scroll of summoning {unknown}
 o - a scroll of vulnerability {unknown}
Potions
 a - a potion of curing {unknown}
 k - a potion of degeneration {unknown}
 p - a potion of ambrosia
 r - a potion of magic {unknown}


   Skills:
 - Level 1.7 Dodging
 - Level 2.4 Stealth
 + Level 4.2 Spellcasting
 + Level 4.1 Transmutations
 + Level 5.7 Earth Magic


You had 3 spell levels left.
You knew the following spells:

 Your Spells              Type           Power      Damage    Failure   Level
a - Sandblast             Erth           42%        2d11      1%          1
b - Passwall              Tmut/Erth      15%        N/A       3%          2
c - Stone Arrow           Conj/Erth      24%        3d8       16%         3
d - Petrify               Tmut/Erth      19%        N/A       22%         4

Your spell library contained the following spells:

 Spells                   Type           Power      Damage    Failure   Level


Dungeon Overview and Level Annotations

Branches:
Dungeon (4/15)
 Temple: D:4-7

Altars:
Elyvilon

Shops:
D:4 *


Innate Abilities, Weirdness & Mutations

You cannot be hasted, slowed, berserked, paralysed or teleported.
You can dig through walls and to a lower floor.
You have a pair of large antennae on your head. (SInv)
Your four strong arms can wield two-handed weapons with a shield.


Message History

A goblin is nearby!
The hobgoblin shouts!
The goblin shouts!
Things that are here:
a +0 club; a goblin skeleton The hobgoblin closely misses you.
You hit the hobgoblin but do no damage.
The goblin hits you with a +2 dagger of venom.
You are poisoned.
The hobgoblin closely misses you.
You closely miss the hobgoblin.
You feel very sick.
The goblin hits you with a +2 dagger of venom.
You are more poisoned.
The hobgoblin closely misses you.
You hit the hobgoblin but do no damage.
You feel very sick.
The goblin hits you with a +2 dagger of venom.
You are lethally poisoned!
The hobgoblin barely misses you.
You are too injured to fight recklessly!
You feel very sick.
Things that are here:
a +0 club; a goblin skeleton
* * * LOW HITPOINT WARNING * * *
You feel very sick.
* * * LOW HITPOINT WARNING * * *
You feel very sick.
* * * LOW HITPOINT WARNING * * *
You feel sick.
* * * LOW HITPOINT WARNING * * *
You feel very sick.
There is an open gate here.
It was a potion of ambrosia.
You are confused.
You feel invigorated.
* * * LOW HITPOINT WARNING * * *
You feel sick. The hobgoblin hits you.
* * * LOW HITPOINT WARNING * * *
The goblin hits you with a +2 dagger of venom.
You die...

# +##.....##'## #
#..)..#...# ### #≈≈..
#..).g#...# ..# #≈≈..
#.....#...# ..#
#≈≈..##+##..)..##'## ..#
#≈≈...|..#.÷...#.).#
..####≈≈≈..)..#)....#...#
..#.###≈≈≈≈≈≈≈#.gg..#≈≈≈#
......##≈≈≈≈≈≈##@''##≈≈≈#
......####.#≈≈≈≈...≈≈≈≈##
...........###≈≈...≈≈###
.........^..###....###
.....#......###.####
#.####.....###..#
....##.........##
...#........####
###........##


You could see a hobgoblin and 2 goblins.

Vanquished Creatures
  An ogre (D:4)
  A phantom (D:2)
  Ijyb (D:4)
  A howler monkey skeleton (D:4)
  3 gnolls
  2 adders
  3 worms
  4 dart slugs
  5 bats
  7 endoplasms
  6 giant cockroaches
  10 goblins
  5 hobgoblins
  6 jackals
  3 quokkas (D:1)
  8 ball pythons
  A frilled lizard (D:2)
  8 kobolds
  7 rats
82 creatures vanquished.

Vanquished Creatures (others)
  A plant (D:3)
1 creature vanquished.

Grand Total: 83 creatures vanquished

Notes
Turn   | Place    | Note
-------+----------+-------------------------------------------
     0 | D:1      | Qrupt the Formicid Earth Elementalist began the quest for
                  | the Orb.
     0 | D:1      | Reached XP level 1. HP: 13/13 MP: 3/3
   172 | D:1      | Reached XP level 2. HP: 12/19 MP: 0/5
   668 | D:1      | Reached skill level 4 in Earth Magic
  1115 | D:1      | Reached XP level 3. HP: 10/24 MP: 0/6
  1937 | D:2      | Learned a level 2 spell: Passwall
  2774 | D:2      | Reached XP level 4. HP: 30/30 MP: 6/8
  3456 | D:3      | Noticed a phantom
  3486 | D:2      | Killed a phantom
  3487 | D:2      | Reached skill level 5 in Earth Magic
  3487 | D:2      | Reached XP level 5. HP: 4/35 MP: 0/10
  4984 | D:3      | Reached XP level 6. HP: 36/41 MP: 11/11
  5100 | D:3      | Learned a level 3 spell: Stone Arrow
  5105 | D:3      | Learned a level 4 spell: Petrify
  5128 | D:4      | Noticed Ijyb
  5168 | D:4      | Killed Ijyb
  5314 | D:4      | Found a white marble altar of Elyvilon.
  5335 | D:4      | Noticed an ogre
  5342 | D:4      | Noticed an ogre
  5368 | D:4      | Killed an ogre
  5495 | D:4      | Found Fesuw's Neck Hole.
  6060 | D:4      | Slain by a goblin

Illustrated notes

Levels and vault maps discovered:
D:1:      lightli_molten_gateway, layout_basic, item_on_display_a
D:2:      layout_basic
D:3:      layout_basic, minmay_misc_feat_more_columns, serial_bayou_pond_d,
          interstate_on_off
D:4:      kennysheep_goblin_castle, layout_cave_pools, lemuel_tele_altar,
          nicolae_shop_sticking_my_neck_out, uniq_ijyb

Skill      XL: |  1  2  3  4  5  6 |
---------------+-------------------+-----
Earth Magic    | 4 5 |  5.7
Transmutations | 2 3 4 |  4.1
Spellcasting   | 3 4 |  4.2
Dodging        | |  1.7
Stealth        | |  2.4

Action                   |  1- 3 |  4- 6 || total
-------------------------+-------+-------++-------
Melee: Unarmed           |    71 |    25 ||    96
       Whip              |    19 |   160 ||   179
 Cast: Sandblast         |    43 |    49 ||    92
       Petrify           |       |     1 ||     1
 Abil: Dig               |     1 |       ||     1
  Use: Potion            |       |     1 ||     1
 Stab: Sleeping          |     2 |     3 ||     5
       Petrified         |       |     4 ||     4
Armor: Robe              |    23 |    25 ||    48
       Skin              |       |     2 ||     2
Dodge: Dodged            |    83 |   141 ||   224
